 Dungeon Crawl Stone Soup version 0.29-a0-384-g6960b1960d (webtiles) character file.

Game seed: 4620059223147828594

170 Antichthon the Covered (level 5, 0/33 HPs)
             Began as a Gargoyle Fighter on May 6, 2022.
             Was an Initiate of the Shining One.
             Slain by an orc wizard
             ... wielding a +0 dagger
              (4 damage)
             ... on level 4 of the Dungeon.
             The game lasted 00:04:26 (3826 turns).

Antichthon the Covered (Gargoyle Fighter)           Turns: 3826, Time: 00:04:26

Health: 0/33       AC: 14    Str: 20    XL:     5   Next: 50%
Magic:  5/5        EV:  7    Int: 10    God:    the Shining One [......]
Gold:   193        SH:  0    Dex:  9    Spells: 4/4 levels left

rFire   . . .      SeeInvis .   a - +0 flail
rCold   . . .      Faith    .   c - +0 buckler
rNeg    + . .      Spirit   .   j - +0 chain mail
rPois   ∞          Reflect  .   m - +0 helmet
rElec   +          Harm     .   (no cloak)
rCorr   .          Rampage  .   (no gloves)
Will    .....                   (no boots)
Stlth   ..........              (no amulet)
HPRegen 0.11/turn               (no ring)
MPRegen 0.09/turn               (no ring)

@: confused, glowing
A: sickness immunity, AC +4, negative energy resistance 1, electricity
resistance, torment resistance 1, petrification resistance
a: Renounce Religion


You were on level 4 of the Dungeon.
You worshipped the Shining One.
The Shining One was noncommittal.
You visited 1 branch of the dungeon, and saw 4 of its levels.

You collected 193 gold pieces.

Inventory:

Hand Weapons
 a - a +0 flail (weapon)
Armour
 c - a +0 buckler (worn)
 j - a +0 chain mail (worn)
 m - a +0 helmet (worn)
Wands
 o - a wand of mindburst (12)
Scrolls
 n - a scroll of teleportation
 p - 2 scrolls of vulnerability
Potions
 b - a potion of attraction {unknown}
 d - 2 potions of might
 e - a potion of flight
 f - a potion of resistance {unknown}
 g - 3 potions of heal wounds {unknown}
 h - 2 potions of mutation {unknown}
 i - a potion of brilliance {unknown}
 k - a potion of lignification {unknown}
 l - a potion of degeneration {unknown}


   Skills:
 * Level 4.0 Fighting
 * Level 3.6 Maces & Flails
 * Level 4.2 Armour
 * Level 1.0 Dodging
 * Level 3.8 Shields
 * Level 0.9 Invocations


You had 4 spell levels left.
You didn't know any spells.
Your spell library contained the following spells:

 Spells                   Type           Power      Damage    Failure   Level
 Summon Small Mammal      Summ           0%         N/A       99%         1
 Call Canine Familiar     Summ           0%         N/A       100%        3
 Summon Guardian Golem    Hex/Summ       0%         N/A       100%        3


Dungeon Overview and Level Annotations

Branches:
Dungeon (4/15)
 Temple: D:4-7

Altars:
Nemelex Xobeh
Wu Jian
The Shining One

Shops:
D:3 (


Innate Abilities, Weirdness & Mutations

You are immune to sickness and miasma.
Your stone body is resilient. (AC +4)
You are immune to poison.
You resist negative energy. (rN+)
You are resistant to electric shocks. (rElec)
You are resistant to unholy torment.
You are immune to petrification.


Message History

You miss something.
You hear some strange, mumbled words.
Something tries to affect you, but you resist.
The orc barely misses you. Something completely misses you.
Something hits you but does no damage. Something hits you.
The orc hits you but does no damage.
You barely miss something.
You feel less confused. Something hits you.
* * * LOW HITPOINT WARNING * * *
The orc hits you but does no damage. Something hits you but does no damage.
Unknown command.
You barely miss something. Something hits you but does no damage.
The orc completely misses you. Something hits you but does no damage.
You miss something. Something hits you but does no damage.
You block the orc's attack. Something hits you.
* * * LOW HITPOINT WARNING * * *
Okay, then.
You closely miss something. Something hits you but does no damage.
The orc hits you but does no damage. Something hits you.
* * * LOW HITPOINT WARNING * * *
Something hits you.
* * * LOW HITPOINT WARNING * * *
You block the orc's attack.
You hear some strange, mumbled words.
You are confused.
You closely miss something. Something hits you but does no damage.
The orc closely misses you.
You hear some strange, mumbled words.
Something tries to affect you, but you resist.
Unknown command.
You bump into the rock wall.
You hear some strange, mumbled words.
You are more confused.
The orc hits you with a +0 hand axe.
* * * LOW HITPOINT WARNING * * *
Something hits you but does no damage.
Unknown command.
Something hits you.
You die...

#.######..#)#..#
#.#######.#.#..#
####......#.......#
...######.#.#..##.#
##.######.#.#..##.#
#................# #
########<#.#..####.#
###.#.>..{..####
#....{@o.....[
##############


You could see an orc.

Vanquished Creatures
  A hound (D:4)
  Terence (D:3)
  Robin (D:3)
  An adder (D:4)
  2 worms
  A dart slug (D:1)
  3 orcs (D:3)
  5 bats
  7 endoplasms
  A giant cockroach (D:4)
  17 goblins
  9 hobgoblins
  3 jackals (D:1)
  7 kobolds
  2 quokkas
  7 ball pythons
  2 frilled lizards
  8 rats (D:1)
78 creatures vanquished.

Notes
Turn   | Place    | Note
-------+----------+-------------------------------------------
     0 | D:1      | Antichthon the Gargoyle Fighter began the quest for the
                  | Orb.
     0 | D:1      | Reached XP level 1. HP: 14/14 MP: 1/1
   142 | D:1      | Reached XP level 2. HP: 15/19 MP: 2/2
   629 | D:1      | Reached XP level 3. HP: 22/24 MP: 3/3
   739 | D:1      | Found a faded altar of an unknown god.
  1965 | D:2      | Reached XP level 4. HP: 29/29 MP: 4/4
  2091 | D:3      | Found a glowing golden altar of the Shining One.
  2144 | D:3      | Became a worshipper of the Shining One
  2269 | D:3      | Found Umawohia's Antique Weapon Shop.
  2421 | D:3      | Noticed Robin
  2441 | D:3      | Killed Robin
  2694 | D:3      | Found a sparkling altar of Nemelex Xobeh.
  3077 | D:3      | Found an ornate altar of the Wu Jian Council.
  3271 | D:3      | Noticed Terence
  3277 | D:3      | Killed Terence
  3278 | D:3      | Reached XP level 5. HP: 30/33 MP: 5/5
  3719 | D:4      | Reached skill level 1 in Dodging
  3826 | D:4      | Slain by an orc wizard

Illustrated notes

Levels and vault maps discovered:
D:1:      elethiomel_arrival_diamonds, layout_loops_ring,
          hellmonk_ecumenical_altar_zigzags
D:2:      layout_basic
D:3:      wad_lake_hut, layout_loops_corners, nemelex_diamond_rough_becter,
          mainiacjoe_overflow_paths, mainiacjoe_overflow_concentric_impassable,
          serial_shops, nicolae_shop_waterfront, amcnicky_mini_corridor_feature,
          kennysheep_generic_room_3, uniq_robin, uniq_terence
D:4:      layout_basic, mainiacjoe_overflow_catwalk_spiral

Skill      XL: |  1  2  3  4  5 |
---------------+----------------+-----
Maces & Flails | 3 |  3.6
Armour         | 4 |  4.2
Fighting       | 4 |  4.0
Dodging        | 1 |  1.0
Shields        | |  3.8
Invocations    | |  0.9

Action                   |  1- 3 |  4- 6 || total
-------------------------+-------+-------++-------
Melee: Flail             |   124 |   119 ||   243
  Use: Scroll            |     6 |     1 ||     7
Armor: Scale mail        |    85 |       ||    85
       Chain mail        |     7 |   100 ||   107
Dodge: Dodged            |    84 |    29 ||   113
Block: Buckler           |    23 |    23 ||    46

Table legend: (Time is in decaauts)
 A = Elapsed time spent in this place.
 B = Non-inter-level travel time spent in this place.
 C = Inter-level travel time spent in this place.
 D = Time resting spent in this place.
 E = Time spent auto-exploring this place.
 F = Levels seen in this place.
 G = Mean time per level.
                   A        B        C        D        E       F      G
               +--------+--------+--------+--------+--------+-----+--------+
         Total |   3941 |   3869 |     72 |      0 |   3054 |   4 |  985.2 |
       Dungeon |   3941 |   3869 |     72 |      0 |   3054 |   4 |  985.2 |
               +--------+--------+--------+--------+--------+-----+--------+

Top non-repeatable levels by time:
     D:3: 1566 daAuts
     D:1: 1291 daAuts
     D:2: 823 daAuts
     D:4: 260 daAuts
